[Event "Warsaw Chess Open-B 2022"]
[Site "Warsaw"]
[Date "2022.07.25"]
[Round "9.6"]
[White "Radecki, Wojciech"]
[Black "Arciszewska, Zuzanna"]
[Result "1-0"]
[ECO "C77"]
[WhiteElo "1907"]
[BlackElo "1574"]
[Annotator "TA"]
[PlyCount "129"]
[EventDate "2022.07.18"]
[EventType "swiss"]
[EventCountry "POL"]
[SourceTitle "playchess.com"]
[Source "ChessBase"]
[SourceQuality "1"]
[TimeControl "40/5400+30:1800+30"]

1. e4 e5 2. Nf3 Nc6 3. Bb5 a6 4. Ba4 Nf6 5. d3 b5 6. Bb3 Bc5 7. Bg5 (7. c3 $5 ) 7... h6 {[%emt 0:03:18] C77: Ruy Lopez: 3...a6 4 Ba4 Nf6, unusual lines.} 8. Bh4 d6 9. c3 Bb6 {[%emt 0:03:05] The position is equal.} 10. Nbd2 {[%emt 0:05:06] 10.a4 deserves study.} Bb7 11. Nf1 {[%emt 0:02:34] [#]} a5 $146 ({Predecessor:} 11... g5 12. Bg3 Qd7 13. Ne3 O-O-O 14. Qe2 Kb8 15. O-O Rdf8 16. a4 h5 17. h4 g4 {1-0 (35) Czarnota,P (2386)-Motyka,M (2231) Leba 2004}) 12. a4 $1 b4 13. Ne3 bxc3 14. bxc3 Ne7 (14... Nb8 $14) 15. Bxf6 $16 gxf6 16. Nh4 Ng6 (16... d5 $16) 17. Nxg6 (17. Nhf5 $6 h5 18. Rb1 Ba6 $16) (17. Qh5 $1 $18 Qe7 18. Nxg6 fxg6 19. Qxg6+ Kd7 20. Nf5) 17... fxg6 18. Qg4 g5 19. Be6 (19. Qe6+ $6 Qe7 $14) (19. Qh5+ $16 Kd7 20. Qg4+ Ke8 21. Nf5 (21. Qe6+ Qe7 $14)) 19... h5 20. Qf5 {[%emt 0:03:07] Threatening mate with Qg6+.} Rh6 {[%emt 0:02:20] Prevents Qg6+.} 21. Nc4 Bc8 22. Rb1 $40 {[%emt 0:01:34][%cal Ob1b6][%mdl 128] Strongly threatening Rxb6! White is out for blood.} Ke7 23. Bxc8 {[%emt 0:01:16] White is much more active. The black rooks are badly placed.} (23. Nxb6 Bxe6 24. Nd5+ Kf7 $11) 23... Qxc8 24. Qf3 Ra6 (24... Bc5 $14) 25. h3 Rh8 26. Rb5 Qd7 27. Kd2 (27. Qe2 $142) 27... Bc5 28. Kc2 (28. Nxa5 $6 Rha8 29. Nc4 (29. Qxh5 Rxa5 30. Rxa5 Rxa5 $19) 29... Rxa4 $11) 28... c6 (28... Kf7 $14) 29. Rb3 (29. Rxa5 $6 Rxa5 30. Nxa5 Ra8 $11) 29... d5 (29... Ra7 $16) 30. Rhb1 $1 $18 {[%emt 0:02:45] Rb7 is the strong threat.} g4 $2 (30... dxc4 $2 31. Rb7 Ra7 32. Rxd7+ Rxd7 33. d4 (33. dxc4 Rhd8 $18) 33... exd4 34. Qf5 $18) (30... Ra7 {might work better.}) 31. hxg4 Qxg4 {[%emt 0:01:19] [#]} (31... dxc4 $2 32. Rb7 Ra7 33. Rxd7+ Rxd7 34. d4 exd4 35. Qf5 $18) (31... hxg4 $2 32. Qe2 $1 dxc4 33. Rb7 $18) 32. Nxe5 {[%emt 0:08:06][%mdl 512] Dancing on a razor blade.} Qxf3 (32... fxe5 {leads to mate.} 33. Rb7+ Kd6 34. Qf6+ Qe6 35. Qxh8) 33. Nxf3 dxe4 34. Re1 ({Don't take} 34. dxe4 $6 Bxf2 35. e5 fxe5 $16) 34... Bxf2 35. Rxe4+ Kf7 36. Rb7+ Kg6 37. Kd2 (37. d4 $142) 37... Rb6 (37... Ra7 $142 38. Rb1 (38. Nh4+ Kg5 $16) 38... Kf7) 38. Rxb6 (38. Nh4+ $142 Kh6 39. Rxb6 Bxb6 40. Re6) 38... Bxb6 $16 {[%emt 0:00:03][%mdl 4096] Endgame KRB-KRN} 39. Re6 Rc8 40. d4 Kf7 41. Re2 ({Better is} 41. d5 $1 $16) 41... Rd8 42. Kd3 c5 43. Kc4 (43. Rb2 $16 Bc7 44. Rb7) 43... cxd4 $11 44. cxd4 ({White should play} 44. Nxd4 $16 {Threatening Nc6.} Rg8 45. Kb5) 44... Rc8+ 45. Kb5 Bd8 46. d5 {[%emt 0:02:40] aiming for Nd4.} Be7 47. Kxa5 Rc5+ 48. Kb6 {[%emt 0:00:44][%cal Oe2e7] Black must now prevent Rxe7+!} Rxd5 49. Kc6 Rc5+ 50. Kb6 Rd5 51. Ra2 Kg6 52. Kc6 Ra5 53. Nd4 Kg5 (53... Bb4 $14) 54. Nb3 $16 Ra8 (54... Ra6+ $16 {is tougher.} 55. Kb5 Ra8) 55. Kb7 $2 (55. a5 $18) 55... Rd8 56. a5 Rd3 57. Rb2 (57. Nd2 $142 f5 58. a6) 57... Rd7+ (57... Ba3 $142 58. Rb1 h4) 58. Kc6 Rd6+ {[%emt 0:00:18] [#]} 59. Kc7 $1 Rd3 $2 (59... f5 $16 {was worth a try.} 60. Ra2 Rg6) 60. a6 $18 Bd6+ {[%emt 0:00:54] [#]} 61. Kc6 $2 (61. Kc8 $1 $18 {is the precise move to win.}) 61... Be5 $16 62. Rb1 Rd6+ 63. Kb5 Rd5+ (63... Rd8 $16 {is a better chance.}) 64. Nc5 $18 {[%emt 0:01:09] Threatens to win with a7.} Bb8 (64... Bd4 $142) 65. Kc4 {[%emt 0:00:28][%csl LRb8,LRd5] Weighted Error Value: White=0.36/Black=0.50} 1-0

[Event "Warsaw Chess Open-B 2022"]
[Site "Warsaw"]
[Date "2022.07.25"]
[Round "9.7"]
[White "Sacharewicz, Krzysztof"]
[Black "Pawicka, Magdalena"]
[Result "1-0"]
[ECO "A46"]
[WhiteElo "1832"]
[BlackElo "1781"]
[Annotator "NA RC COMBH"]
[PlyCount "111"]
[EventDate "2022.07.18"]
[EventType "swiss"]
[EventCountry "POL"]
[SourceTitle "playchess.com"]
[Source "ChessBase"]
[SourceQuality "1"]
[TimeControl "40/5400+30:1800+30"]

1. d4 Nf6 2. Nf3 d5 3. g3 c5 4. c3 Nc6 5. Bg2 e6 6. O-O Bd6 7. Nbd2 O-O 8. Re1 cxd4 9. cxd4 b6 10. b3 Bb7 11. Bb2 Rc8 12. Rc1 Qe7 13. Ne5 Ba3 14. Nxc6 Bxc6 15. Qc2 Bb7 16. Qb1 Bb4 17. Red1 Ba6 18. Bf1 h5 19. Nf3 Ne4 20. Rxc8 Rxc8 21. Rc1 Nc3 22. Bxc3 Bxc3 23. e3 Bxf1 24. Kxf1 b5 25. Ne5 b4 26. Qd3 Qb7 27. Qe2 g6 28. Nd3 Kg7 29. Nc5 Qe7 30. Na4 e5 31. dxe5 Qxe5 32. Qd3 Qe4 33. Qxe4 dxe4 34. Ke2 f5 35. a3 a5 36. axb4 axb4 37. Nxc3 bxc3 38. h4 Kf6 39. Kd1 g5 40. Kc2 gxh4 41. gxh4 Rg8 42. Kxc3 Rg2 43. Rf1 Rh2 44. b4 Rxh4 45. b5 Rg4 46. b6 Ke5 47. Kc4 Rg8 48. Kb5 h4 49. Rh1 f4 50. Rxh4 fxe3 51. fxe3 Kd5 52. Rh5+ Kd6 53. Rh1 Rg3 54. Rd1+ Ke5 55. b7 Rg8 56. Kb6 1-0

[Event "Warsaw Chess Open-B 2022"]
[Site "Warsaw"]
[Date "2022.07.25"]
[Round "9.8"]
[White "Masalski, Pawel"]
[Black "Kotarski, Bartosz"]
[Result "0-1"]
[ECO "B40"]
[WhiteElo "1550"]
[BlackElo "1829"]
[Annotator "NA RC COMBH"]
[PlyCount "58"]
[EventDate "2022.07.18"]
[EventType "swiss"]
[EventCountry "POL"]
[SourceTitle "playchess.com"]
[Source "ChessBase"]
[SourceQuality "1"]
[TimeControl "40/5400+30:1800+30"]

1. e4 c5 2. Nf3 e6 3. c3 Nf6 4. e5 Nd5 5. b4 cxb4 6. c4 Nc7 7. d4 $15 d5 8. exd6 Bxd6 9. Bd3 Be7 10. a3 Nc6 11. Be3 bxa3 12. O-O a2 13. Nc3 O-O 14. Rxa2 Nb4 15. Rd2 Nxd3 16. Rxd3 b6 17. Ne5 Bb7 18. f4 f6 19. Nf3 Ba6 20. Qb3 b5 21. cxb5 Bxb5 22. Nxb5 Rb8 23. Qa2 Rxb5 24. Qxa7 Nd5 25. Rc1 Rf7 26. Qa6 Qd7 27. g3 Rb8 28. Bf2 Nb4 29. Qa4 Qxa4 0-1